 Dungeon Crawl Stone Soup version 0.31-a0-1424-g2add1c7226 (webtiles) character file.

Game seed: 2553450959487226061

406948 jasper the Conqueror (level 23, -4/240 HPs)
             Began as a Hill Orc Fighter on Dec 25, 2023.
             Was the Champion of Okawaru.
             Slain by a tengu warrior
             ... wielding a +2 glaive of freezing
              (13 damage)
             ... on level 2 of the Depths on Dec 26, 2023.
             The game lasted 01:29:27 (46318 turns).

jasper the Conqueror (Hill Orc Fighter)            Turns: 46318, Time: 01:29:27

Health: -4/240     AC: 33    Str: 33    XL:     23   Next: 42%
Magic:  30/30      EV:  9    Int:  8    God:    Okawaru [******]
Gold:   2336       SH: 20    Dex:  8    Spells: 20/22 levels left

rFire   + + +        w - +9 broad axe (heavy)
rCold   . . .        c - +1 kite shield {AC+3}
rNeg    + + .        o - +3 plate armour {rF+}
rPois   +            A - -2 hat of the Alchemist {rElec rPois rF+ rC+ rN+ Will+ rMut rCorr}
rElec   +            P - +2 cloak {rCorr}
rCorr   +            Q - +1 pair of gloves {Str+3}
SInv    +            L - +0 pair of boots "Dithrum" {rF++ rC- rCorr SInv}
Will    +++..        n - amulet of reflection Stlth
                     s - ring of Rubyewimp {Fly rN+ rCorr SInv}
HPRegen 0.60/turn    g - ring of willpower
MPRegen 0.22/turn

%: reflection, resist mutation
@: flying
A: clumsy 1, low MP 1, subdued magic 1, persistent drain
}: 2/15 runes: decaying, gossamer
a: Renounce Religion, Heroism, Finesse, Duel


You were on level 2 of the Depths.
You worshipped Okawaru.
Okawaru was exalted by your worship.
You visited 9 branches of the dungeon, and saw 40 of its levels.
You also visited: Bailey and Volcano.

You collected 5511 gold pieces.
You spent 3175 gold pieces at shops.

Inventory:

Hand Weapons
 t - the +2 broad axe "Ikirameno" {elec, rC+ Will+ Dex+3 Stlth+}
   (Okawaru gifted it to you on level 2 of the Lair of Beasts)

   Dex+3:     It affects your dexterity (+3).
   rC+:       It protects you from cold.
   Will+:     It increases your willpower.
   Stlth+:    It makes you more stealthy.
 w - a +9 heavy broad axe (weapon)
Missiles
 a - 15 curare-tipped darts
 e - 8 throwing nets
 j - 10 javelins
 v - 13 silver javelins
 N - 18 boomerangs (quivered)
 S - 3 datura-tipped darts
 W - 7 darts of dispersal
 Z - 7 atropa-tipped darts
Armour
 c - a +1 kite shield of protection (worn)
 o - a +3 plate armour of fire resistance (worn)
 A - the -2 hat of the Alchemist (worn) {rElec rPois rF+ rC+ rN+ Will+ rMut rCorr}
   (You found it on level 4 of the Lair of Beasts)

   rF+:       It protects you from fire.
   rC+:       It protects you from cold.
   rElec:     It insulates you from electricity.
   rPois:     It protects you from poison rN+: It protects you from negative
   energy.
   Will+:     It increases your willpower.
   rCorr:     It protects you from acid and corrosion.
   rMut:      It protects you from mutation.
 L - the +0 pair of boots "Dithrum" (worn) {rF++ rC- rCorr SInv}
   (Okawaru gifted it to you on level 2 of the Lair of Beasts)

   rF++:      It greatly protects you from fire.
   rC-:       It makes you vulnerable to cold.
   SInv:      It lets you see invisible.
   rCorr:     It protects you from acid and corrosion.
 P - a +2 cloak of preservation (worn)
 Q - a +1 pair of gloves of strength (worn)
Jewellery
 g - a ring of willpower (right hand)
 h - a ring of protection from fire
 i - a ring of protection from cold
 n - an amulet of reflection (around neck)
 s - the ring of Rubyewimp (left hand) {Fly rN+ rCorr SInv}
   (You acquired it on level 12 of the Dungeon)

   [ring of resist corrosion]

   rN+:       It protects you from negative energy.
   SInv:      It lets you see invisible.
   Fly:       It grants you flight.
   rCorr:     It protects you from acid and corrosion.
 T - a ring of willpower
Wands
 d - a wand of acid (17)
 f - a wand of mindburst (8)
 p - a wand of flame (13)
 I - a wand of digging (4)
 R - a wand of polymorph (6)
 V - a wand of roots (80)
 Y - a wand of paralysis (24)
Scrolls
 b - 9 scrolls of fog
 l - 4 scrolls of vulnerability
 r - 12 scrolls of immolation
 u - 7 scrolls of torment
 x - a scroll of summoning
 F - 9 scrolls of teleportation
 G - 7 scrolls of enchant armour
 K - 2 scrolls of fear
 M - 2 scrolls of revelation
 O - 7 scrolls of blinking
 X - 2 scrolls of silence
Potions
 k - 12 potions of ambrosia
 m - 11 potions of curing
 q - 11 potions of enlightenment
 y - 5 potions of might
 z - 9 potions of mutation
 B - 5 potions of haste
 C - 6 potions of magic
 D - a potion of invisibility
 E - 4 potions of cancellation
 H - 8 potions of heal wounds
 J - 3 potions of resistance
 U - a potion of lignification


   Skills:
 O Level 27 Fighting
 - Level 18.0 Axes
 - Level 10.0 Throwing
 + Level 23.5 Armour
 + Level 20.4 Shields
 + Level 14.7 Invocations


You had 20 spell levels left.
You knew the following spells:

 Your Spells              Type           Power      Damage    Failure   Level
a - Blink                 Tloc           0%         N/A       91%         2

Your spell library contained the following spells:

 Spells                   Type           Power      Damage    Failure   Level
 Freeze                   Ice            0%         1d3       80%         1
 Magic Dart               Conj           0%         1d3       80%         1
 Necrotise                Necr           0%         1d4       80%         1
 Slow                     Hex            0%         N/A       80%         1
 Sting                    Conj/Alch      0%         1d3       80%         1
 Ensorcelled Hibernation  Hex/Ice        0%         N/A       91%         2
 Lesser Beckoning         Tloc           0%         N/A       91%         2
 Mercury Vapours          Alch/Air       0%         N/A       91%         2
 Momentum Strike          Conj/Tloc      0%         3d8       91%         2
 Scorch                   Fire           0%         2d5       91%         2
 Searing Ray              Conj           0%         2d4       91%         2
 Sublimation of Blood     Necr           0%         N/A       91%         2
 Confusing Touch          Hex            0%         N/A       99%         3
 Frozen Ramparts          Ice            0%         1d1       99%         3
 Gell's Gravitas          Tloc           0%         N/A       99%         3
 Hailstorm                Conj/Ice       0%         3d5       99%         3
 Inner Flame              Hex/Fire       0%         N/A       99%         3
 Ozocubu's Armour         Ice            0%         N/A       99%         3
 Sigil of Binding         Hex            0%         N/A       99%         3
 Stone Arrow              Conj/Erth      0%         3d7       99%         3
 Teleport Other           Tloc           0%         N/A       99%         3
 Vampiric Draining        Necr           0%         2d6       99%         3
 Dimensional Bullseye     Hex/Tloc       0%         N/A       100%        4
 Flame Wave               Conj/Fire      0%         2d4       100%        4
 Fulminant Prism          Conj/Alch      0%         3d5       100%        4
 Leda's Liquefaction      Alch/Erth      0%         N/A       100%        4
 Olgreb's Toxic Radiance  Alch           0%         N/A       100%        4
 Sticky Flame             Fire/Alch      0%         2d4       100%        4
 Agony                    Necr           0%         N/A       100%        5
 Alistair's Intoxication  Alch           0%         N/A       100%        5
 Borgnjor's Vile Clutch   Necr/Erth      0%         N/A       100%        5
 Lee's Rapid Deconstruct  Erth           0%         3d4*      100%        5
 Metabolic Englaciation   Hex/Ice        0%         N/A       100%        5
 Bombard                  Conj/Erth      0%         9d1       100%        6
 Eringya's Noxious Bog    Alch           0%         4d6       100%        6
 Orb of Destruction       Conj           0%         9d5       100%        7
 Ozocubu's Refrigeration  Ice            0%         4d7       100%        7
 Borgnjor's Revivificati  Necr           0%         N/A       100%        8
 Discord                  Hex            0%         N/A       100%        8
 Lehudib's Crystal Spear  Conj/Erth      0%         10d2      100%        8
 Death's Door             Necr           0%         N/A       100%        9
 Call Imp                 Summ           Unusable   N/A       N/A         2
 Call Canine Familiar     Summ           Unusable   N/A       N/A         3
 Summon Guardian Golem    Hex/Summ       Unusable   N/A       N/A         3
 Animate Armour           Summ/Erth      Unusable   N/A       N/A         4
 Animate Dead             Necr           Unusable   N/A       N/A         4
 Summon Forest            Summ/Tloc      Unusable   N/A       N/A         5
 Death Channel            Necr           Unusable   N/A       N/A         6
 Simulacrum               Ice/Necr       Unusable   N/A       N/A         6
 Summon Cactus Giant      Summ           Unusable   N/A       N/A         6
 Haunt                    Necr/Summ      Unusable   N/A       N/A         7
 Spellforged Servitor     Conj/Summ      Unusable   N/A       N/A         7
 Summon Hydra             Summ           Unusable   N/A       N/A         7

Dungeon Overview and Level Annotations

Branches:
Dungeon (15/15)            Temple (1/1) D:4            Lair (5/5) D:8
  Swamp (4/4) Lair:2       Spider (4/4) Lair:2        Slime (0/5) Lair:4
    Orc (2/2) D:11            Elf (3/3) Orc:2        Vaults (4/5) D:13
  Crypt (0/3) Vaults:3     Depths (2/4) D:15         Bailey (visited)
Volcano (visited)

Altars:
Ashenzari
Cheibriados
Dithmenos
Elyvilon
Fedhas
Gozag
Hepliaklqana
Kikubaaqudgha
Makhleb
Nemelex Xobeh
Okawaru
Qazlal
Ru
Sif Muna
Trog
Uskayaw
Vehumet
Wu Jian
Xom
Yredelemnul
Zin
The Shining One
Beogh
Jiyva

Shops:
D:7 =(:[?   Orc:1 ([[[[   Orc:2 *[:(   Elf:1 **   Vaults:1 !

Portals:
Hell: Lair:5 Depths:1
Ziggurat: Depths:1

Annotations:
D:11 2 transporters, jasper's ghost, journeyman OnFE
Lair:4 1 runed translucent door
Swamp:4 Lernaean hydra; Roxanne
Elf:1 exclusion: orange crystal statue
Elf:2 3 runed translucent doors


Innate Abilities, Weirdness & Mutations

You are clumsy. (Dex -2)
Your magical capacity is low. (-10% MP)
Your spells are a little easier to cast, but a little less powerful.
Your health recovers twice as slowly from being drained.


Message History

* * * LOW HITPOINT WARNING * * *
You block the tengu warrior's attack. You block the fire dragon's attack. x2
The fire dragon tramples you but does no damage.
The frost giant hits you with a +2 battleaxe of freezing.
* * * LOW HITPOINT WARNING * * *
The frost giant freezes you.
* * * LOW HITPOINT WARNING * * *
The iron dragon bites you!
* * * LOW HITPOINT WARNING * * *
The iron dragon claws you!
* * * LOW HITPOINT WARNING * * *
The iron dragon barely misses you. The iron troll bites you!
* * * LOW HITPOINT WARNING * * *
The iron troll claws you but does no damage.
The iron troll closely misses you.
Items here: ) [[ †††.
You carve the iron dragon like a ham!!!
The iron dragon is moderately wounded.
You slice the fire dragon!! You hit the frost giant.
You cut the iron troll into ribbons!!!
You kill the iron troll!
Okawaru accepts your kill.
The frost giant hits you with a +2 battleaxe of freezing.
* * * LOW HITPOINT WARNING * * *
The frost giant freezes you.
* * * LOW HITPOINT WARNING * * *
You block the tengu warrior's attack.
The fire dragon bites you but does no damage.
You block the fire dragon's attack.
The fire dragon tramples you but does no damage.
You block the iron dragon's attack. The iron dragon claws you.
* * * LOW HITPOINT WARNING * * *
The iron dragon tramples you!
* * * LOW HITPOINT WARNING * * *
You are shoved backwards!
You hit the iron dragon but do no damage.
The iron dragon is moderately wounded.
You slash the frost giant! You slash the stone giant!
The tengu warrior hits you from afar with a +2 glaive of freezing!
You die...

# ....# ##.....
...... #.#..#
....#####
##,.......
##..#.D#.# .
#...#DCQ# #.
#CC@#..# #.#
#.#.# ..# #..#
#.##.# ..#
##...##.###.##
..#
#............# ..
#.~~~~.~~~~~.# .
#.≈~≈~.~≈≈≈≈.....
#.~≈≈~.~≈≈≈~.####
#.~~≈≈.~~~~~.#


You could see an iron dragon (catching breath), 2 frost giants, a fire dragon, a
stone giant and a tengu warrior.

Vanquished Creatures
  A dread lich (Vaults:4)
  Boris (thrice) (Vaults:1 Vaults:4 Depths:1)
  Nikola (Spider:1)
  the Enchantress (Depths:1)
  Arachne (Spider:3)
  A Brimstone Fiend (Spider:1)
  Jorgrun (Orc:1)
  A lich (Depths:1)
  4 deep elf blademasters (Elf:3)
  4 deep elf master archers (Elf:3)
  The ghost of Ogit the Rich, an adept GnGl of Gozag (Lair:2)
  4 sphinxes
  Gastronok (D:11)
  An ancient champion (Vaults:3)
  Frances (Spider:2)
  Kirke (D:13)
  2 thorn hunters (Swamp:2)
  Donald (Spider:1)
  3 tengu reavers
  10 vault wardens
  3 emperor scorpions
  2 fire giants
  4 frost giants
  7 ghost moths
  A balrug (Depths:1)
  A deep elf elementalist (Elf:3)
  3 orc warlords
  3 deep elf sorcerers (Elf:2)
  3 spriggan defenders (Depths:1)
  A broodmother (Spider:3)
  2 formless jellyfish
  11 very ugly things
  10 ironbound thunderhulks
  19 ironbound preservers
  2 deep elf demonologists (Elf:3)
  4 eleionomae
  4 stone giants
  2 deep elf death magi (Elf:3)
  7 deep elf annihilators (Elf:3)
  19 dire elephants
  Azrael (Elf:1)
  5 bunyips
  A vampire knight (Depths:1)
  2 spark wasps
  An eidolon (Vaults:3)
  2 ettins
  Josephine (D:11)
  3 deep elf high priests
  5 entropy weavers
  A shambling mangrove (Swamp:2)
  9 vault guards
  A great orb of eyes (Vaults:4)
  4 yaktaur captains
  2 fire dragons
  Harold (D:11)
  An ice dragon (Depths:2)
  3 spriggan air magi (Depths:1)
  16 hydras
  5 rakshasas
  2 ghost crabs (Swamp:2)
  6 ironbound frosthearts
  5 jorogumos (Spider:4)
  8 alligators
  2 death knights
  12 dancing weapons
  4 centaur warriors
  5 two-headed ogres
  11 boulder beetles
  4 deep troll earth magi
  8 death yaks
  4 catoblepae
  4 deep troll shamans
  6 demonic crawlers
  8 tengu warriors
  3 spriggan berserkers (Depths:1)
  A vampire mage (Depths:1)
  12 hell knights
  Sonja (Orc:1)
  3 orc high priests (Orc:2)
  10 deep elf knights
  2 soul eaters
  10 skeletal warriors
  A sun demon (Depths:1)
  A sixfirhy (Lair:5)
  A fire crab (Lair:5)
  2 pharaoh ants (Spider:4)
  2 skysharks
  3 sun moths
  8 orb spiders
  2 spriggan druids (Swamp:2)
  4 iron trolls
  54 deep trolls
  12 bog bodies
  5 goliath frogs
  A glowing orange brain (D:15)
  5 deep elf archers
  6 lindwurms
  8 steelbarb worms
  4 arcanists
  16 ironbound convokers
  7 swamp dragons
  A phantasmal warrior (Vaults:1)
  7 orc knights
  13 deep elf zephyrmancers
  8 harpies (Vaults:4)
  A steelbarb worm (shapeshifter) (D:15)
  12 wolf spiders
  15 deep elf pyromancers
  2 necromancers
  3 will-o-the-wisps
  23 ugly things
  4 oklob plants (Lair:4)
  4 orc sorcerers (Orc:2)
  A shining eye (shapeshifter) (Vaults:4)
  4 manticores
  Maurice (D:8)
  2 cyclopes (D:11)
  2 moths of wrath
  30 elephants
  5 rust devils
  Joseph (D:7)
  6 meliai
  9 black mambas
  2 smoke demons
  14 vault sentinels
  14 cane toads
  2 molten gargoyles (Volcano)
  A gargoyle (D:12)
  16 rime drakes
  5 torpor snails
  4 orange demons
  27 yaktaurs
  6 freezing wraiths
  6 ice devils
  17 komodo dragons
  A red devil (Lair:5)
  12 trolls
  3 polar bears
  A queen bee (Lair:4)
  A hellwing (Lair:5)
  27 blink frogs
  33 tarantellas
  7 tyrant leeches
  7 hornets
  12 dream sheep
  49 slime creatures
  6 wraiths
  An air elemental (Elf:2)
  12 spriggans
  16 culicivoras
  3 water elementals
  29 jumping spiders
  14 wyverns
  A shadow (D:11)
  66 yaks
  2 wargs (Orc:2)
  3 hogs (D:13)
  11 basilisks
  4 fire elementals
  17 steam dragons
  61 redbacks
  13 vampire mosquitoes
  Edmund (D:4)
  4 acid dragons
  14 swamp worms
  6 hell hounds
  28 water moccasins
  Duvessa (D:5)
  9 swamp drakes
  A sky beast (D:6)
  A black bear (Lair:3)
  35 orc warriors
  15 wolves
  9 ogres
  14 centaurs
  3 phantoms
  3 kobold brigands
  3 gnoll sergeants
  8 bullfrogs
  3 earth elementals (Elf:2)
  4 scorpions
  5 wights (D:8)
  Dowan (D:5)
  A troll zombie (D:11)
  34 killer bees (Lair:4)
  2 electric eels (Lair:2)
  3 howler monkeys
  5 lava snakes (Volcano)
  3 jellies
  4 hounds (D:6)
  Crazy Yiuf (D:5)
  2 gnoll boudas
  21 orc priests
  10 hell rats
  2 sleepcaps
  An iguana (D:4)
  27 orc wizards
  Ijyb (D:4)
  5 ogre zombies (D:11)
  7 adders
  25 gnolls
  A shadow imp (D:7)
  A white imp (D:6)
  6 ufetubi
  4 worms
  3 dart slugs
  77 orcs
  4 ball pythons
  5 endoplasms
  5 goblins
  6 hobgoblins
  4 jackals
  21 kobolds
  3 quokkas
  7 bats
  3 frilled lizards (D:3)
  2 gnoll skeletons (D:11)
  2 gnoll zombies (D:11)
  15 orc zombies (D:11)
  8 rats
1667 creatures vanquished.

Vanquished Creatures (others)
  A ghost moth (Spider:4)
  A wolf spider (Spider:4)
  An arcanist (Vaults:2)
  2 deep elf zephyrmancers
  A bloated husk (Swamp:2)
  A swamp worm (Swamp:2)
  2 killer bees (Lair:4)
  A gnoll (D:9)
  4 foxfires
14 creatures vanquished.

Grand Total: 1681 creatures vanquished

Notes
Turn   | Place    | Note
-------+----------+-------------------------------------------
     0 | D:1      | jasper the Hill Orc Fighter began the quest for the Orb.
     0 | D:1      | Reached XP level 1. HP: 19/19 MP: 1/1
   100 | D:1      | Reached XP level 2. HP: 21/27 MP: 2/2
   465 | D:1      | Reached XP level 3. HP: 33/33 MP: 3/3
   607 | D:1      | Reached skill level 4 in Fighting
   901 | D:2      | Reached XP level 4. HP: 28/40 MP: 4/4
  1272 | D:2      | You fall into a shaft and drop 1 floor!
  1441 | D:3      | Noticed an ogre
  1502 | D:3      | Found a hide-covered altar of Uskayaw.
  1523 | D:4      | Reached XP level 5. HP: 47/47 MP: 5/5
  1645 | D:4      | Noticed a phantom
  1671 | D:4      | Killed a phantom
  1672 | D:4      | Reached skill level 5 in Axes
  1698 | D:4      | Found a staircase to the Ecumenical Temple.
  1719 | Temple   | Entered the Ecumenical Temple
  1745 | D:4      | Reached XP level 6. HP: 55/55 MP: 6/6
  2025 | D:4      | Noticed Ijyb
  2031 | D:4      | Killed Ijyb
  2283 | D:4      | Noticed Edmund
  2312 | D:5      | Entered Level 5 of the Dungeon
  2363 | D:5      | Reached skill level 5 in Fighting
  2500 | D:5      | Found an ancient bone altar of Kikubaaqudgha.
  2521 | D:5      | Reached XP level 7. HP: 39/61 MP: 7/7
  2654 | D:5      | Found a blossoming altar of Fedhas.
  2678 | D:5      | Reached skill level 5 in Armour
  3264 | D:5      | Reached skill level 6 in Fighting
  3315 | D:5      | Found a runed translucent door.
  3316 | D:5      | Noticed Crazy Yiuf
  3365 | D:5      | Noticed Dowan
  3370 | D:5      | Reached XP level 8. HP: 59/70 MP: 8/8
  3370 | D:5      | Killed Dowan
  3373 | D:5      | Noticed Duvessa
  3642 | D:6      | Found a shimmering altar of Xom.
  3897 | D:6      | Reached skill level 7 in Fighting
  4772 | D:7      | Noticed a wyvern
  4865 | D:7      | Found Amaceec's Antique Armour Boutique.
  4890 | D:7      | Reached skill level 10 in Axes
  4901 | D:7      | Bought a pair of twisted boots for 190 gold pieces
  4901 | D:7      | Identified the +0 pair of boots of the Serpent {Harm} (You
                  | bought it in a shop on level 7 of the Dungeon)
  4904 | D:7      | Reached XP level 9. HP: 63/79 MP: 9/9
  4991 | D:7      | Noticed Joseph
  5005 | D:7      | Killed Joseph
  5024 | D:7      | Noticed a hornet
  5044 | D:7      | Killed a hornet
  5045 | D:7      | Reached skill level 8 in Fighting
  5257 | D:7      | Identified the +2 robe of Calculation {rC++ rN+ Str-4}
  5262 | D:7      | Found Luoseke's Weapon Emporium.
  5378 | D:7      | Found Robb's Magic Scroll Shoppe.
  5383 | D:7      | Bought a scroll of teleportation for 39 gold pieces
  5413 | D:7      | Found Kiupsus's Book Boutique.
  5455 | D:7      | Found an iron altar of Okawaru.
  5465 | D:7      | Became a worshipper of Warmaster Okawaru
  5541 | D:5      | Killed Duvessa
  5870 | D:3      | Found a bloodstained altar of Trog.
  5953 | D:3      | Found a faded altar of an unknown god.
  6141 | D:4      | Found a sacrificial altar of Ru.
  6324 | D:4      | Killed Edmund
  6503 | D:5      | Killed Crazy Yiuf
  6671 | D:7      | Found Hadag's Jewellery Shop.
  6795 | D:8      | Found a glowing silver altar of Zin.
  6815 | D:8      | Noticed a two-headed ogre
  6825 | D:8      | Killed a two-headed ogre
  6825 | D:8      | Reached * piety under Okawaru
  6825 | D:8      | Reached ** piety under Okawaru
  6826 | D:8      | Reached skill level 9 in Fighting
  6826 | D:8      | Reached XP level 10. HP: 26/91 MP: 10/10
  7441 | D:8      | Noticed Maurice
  7448 | D:8      | Paralysed by a hornet for 1 turns
  7463 | D:8      | Killed Maurice
  7642 | D:8      | Reached *** piety under Okawaru
  7643 | D:8      | Reached skill level 1 in Invocations
  7648 | D:8      | Reached skill level 1 in Throwing
  7839 | D:8      | Reached **** piety under Okawaru
  7857 | D:8      | Reached skill level 10 in Fighting
  7872 | D:8      | Reached XP level 11. HP: 19/99 MP: 13/13
  8106 | D:8      | Found a staircase to the Lair.
  8427 | D:9      | Found a flagged portal.
  8440 | Bailey   | Entered a bailey
  8570 | Bailey   | Identified the +3 swamp dragon scales of Servitude {rPois
                  | rF+ Regen+ Int+2}
  8707 | Bailey   | Reached ***** piety under Okawaru
  8763 | Bailey   | Noticed a two-headed ogre
  8772 | Bailey   | Killed a two-headed ogre
  8773 | Bailey   | Reached skill level 15 in Axes
  8793 | Bailey   | Identified the +0 acid dragon scales "Gajenyf" {Will+ rCorr
                  | Str+4 Dex-5}
  9199 | D:9      | Found a burning altar of Makhleb.
  9211 | D:9      | Reached skill level 10 in Armour
  9430 | D:9      | Received a gift from Okawaru
  9431 | D:9      | Reached skill level 11 in Fighting
  9634 | D:10     | Entered Level 10 of the Dungeon
  9902 | D:10     | Found a broken altar of Ashenzari.
 10309 | D:11     | Noticed a two-headed ogre
 10309 | D:11     | Noticed a manticore
 10309 | D:11     | Noticed a cyclops
 10426 | Lair:1   | Entered Level 1 of the Lair of Beasts
 10549 | Lair:1   | Received a gift from Okawaru
 10550 | Lair:1   | Reached skill level 12 in Fighting
 10550 | Lair:1   | Reached XP level 12. HP: 66/112 MP: 14/14
 10603 | Lair:1   | Noticed a boulder beetle
 10617 | Lair:1   | Killed a boulder beetle
 10824 | Lair:1   | Reached skill level 13 in Fighting
 10848 | Lair:1   | Received a gift from Okawaru
 11562 | Lair:2   | Found a hole to the Spider Nest.
 11660 | Lair:2   | Found a runed translucent gate.
 11660 | Lair:2   | Found a runed translucent gate.
 11660 | Lair:2   | Found a runed translucent gate.
 11661 | Lair:2   | Noticed Ogit's ghost (adept GnGl)
 11661 | Lair:2   | Noticed a nine-headed hydra
 11662 | Lair:2   | Noticed a 13-headed hydra
 11685 | Lair:2   | Reached skill level 14 in Fighting
 11707 | Lair:2   | Received a gift from Okawaru
 11714 | Lair:2   | Noticed a skyshark
 11723 | Lair:2   | Killed a skyshark
 11762 | Lair:2   | Noticed a boulder beetle
 11780 | Lair:2   | Noticed an eight-headed hydra
 11802 | Lair:2   | Killed an eight-headed hydra
 11803 | Lair:2   | Reached skill level 5 in Invocations
 11803 | Lair:2   | Reached XP level 13. HP: 55/124 MP: 13/17
 12064 | Lair:2   | Reached ****** piety under Okawaru
 12071 | Lair:2   | Received a gift from Okawaru
 12078 | Lair:2   | Acquired the +2 broad axe "Ikirameno" {elec, rC+ Will+
                  | Dex+3 Stlth+}
 12078 | Lair:2   | Received a gift from Okawaru
 12080 | Lair:2   | Acquired the +0 pair of boots "Dithrum" {rF++ rC- rCorr
                  | SInv}
 12080 | Lair:2   | Received a gift from Okawaru
 12145 | Lair:2   | Reached skill level 10 in Invocations
 12587 | Lair:2   | Found a staircase to the Swamp.
 13048 | Lair:3   | Received a gift from Okawaru
 13273 | Lair:3   | Received a gift from Okawaru
 13293 | Lair:3   | Reached skill level 15 in Fighting
 13293 | Lair:3   | Reached XP level 14. HP: 135/135 MP: 21/21
 14189 | Lair:4   | Received a gift from Okawaru
 14236 | Lair:4   | Reached skill level 16 in Fighting
 14264 | Lair:3   | Received a gift from Okawaru
 14443 | Lair:4   | Reached skill level 15 in Armour
 14578 | Lair:4   | Received a gift from Okawaru
 14782 | Lair:4   | Reached skill level 17 in Fighting
 14849 | Lair:4   | Found the -2 hat of the Alchemist {rElec rPois rF+ rC+ rN+
                  | Will+ rMut rCorr}
 14939 | Lair:4   | Found a runed translucent door.
 14939 | Lair:4   | Found a viscous altar of Jiyva.
 14940 | Lair:4   | Found a staircase to the Slime Pits.
 14940 | Lair:4   | Noticed an acid blob
 15689 | D:11     | Reached XP level 15. HP: 113/147 MP: 22/22
 15755 | D:11     | Noticed Gastronok
 15771 | D:11     | Killed Gastronok
 15815 | D:11     | Noticed jasper's ghost (journeyman OnFE)
 15825 | D:11     | Noticed Harold
 15827 | D:11     | Found a transporter.
 15829 | D:11     | Found a transporter.
 15833 | D:11     | Killed Harold
 15959 | D:11     | Found a staircase to the Orcish Mines.
 16049 | Orc:1    | Entered Level 1 of the Orcish Mines
 16049 | Orc:1    | Noticed Sonja
 16049 | Orc:1    | Found Meptutriu's Weapon Shop.
 16052 | Orc:1    | Found Qohiqama's Armour Emporium.
 16058 | Orc:1    | Killed Sonja
 16119 | Orc:1    | Found Yntow's Armour Emporium.
 16196 | Orc:1    | Noticed Jorgrun
 16198 | Orc:1    | Noticed Josephine
 16243 | D:11     | Received a gift from Okawaru
 16356 | D:11     | Killed Josephine
 16415 | Orc:1    | Killed Jorgrun
 16533 | Orc:1    | Found a dark tunnel.
 16542 | Volcano  | Entered a volcano
 16775 | Volcano  | Found a bloodstained altar of Trog.
 16782 | Volcano  | Reached skill level 18 in Fighting
 16953 | Orc:1    | You fall into a shaft and drop 1 floor!
 16953 | Orc:2    | Entered Level 2 of the Orcish Mines
 16987 | Orc:2    | Noticed an orc warlord
 17000 | Orc:2    | Killed an orc warlord
 17005 | Orc:2    | Reached skill level 5 in Throwing
 17148 | Orc:2    | Noticed an orc warlord
 17152 | Orc:2    | Received a gift from Okawaru
 17171 | Orc:2    | Killed an orc warlord
 17421 | Orc:2    | Found a staircase to the Elven Halls.
 17615 | Orc:2    | Found a roughly hewn altar of Beogh.
 17823 | Orc:2    | Found Azuisisch's Antique Armour Shoppe.
 17824 | Orc:2    | Found Lenkyra's Antique Weapon Emporium.
 17826 | Orc:2    | Found Ywouqew's General Store.
 17826 | Orc:2    | Found Lodaedar's Book Shoppe.
 17841 | Orc:2    | Bought a runed kite shield for 172 gold pieces
 17841 | Orc:2    | Bought a pair of glowing gloves for 172 gold pieces
 18025 | Orc:1    | Found Mosalij's Antique Armour Shoppe.
 18025 | Orc:1    | Found Hempeuwn's Armour Boutique.
 18029 | Orc:1    | Bought a pair of spiked boots for 218 gold pieces
 18029 | Orc:1    | Identified the +0 pair of boots "Vypic" {rF+ Will- Regen+}
                  | (You bought it in a shop on level 1 of the Orcish Mines)
 18042 | Orc:1    | Bought a +1 pair of gloves of strength for 165 gold pieces
 18582 | Lair:5   | Entered Level 5 of the Lair of Beasts
 18622 | Lair:5   | Received a gift from Okawaru
 18776 | Lair:5   | Reached skill level 19 in Fighting
 18787 | Lair:5   | Reached skill level 5 in Shields
 18991 | Lair:5   | Reached XP level 16. HP: 160/160 MP: 23/23
 18991 | Lair:5   | Found a burning altar of Makhleb.
 19006 | Lair:5   | Received a gift from Okawaru
 19153 | Lair:5   | Found a gateway to Hell.
 19153 | Lair:5   | Found the +10 morningstar "Eos" {elec, Halo rElec}
 19342 | Lair:5   | Received a gift from Okawaru
 20414 | D:12     | Identified a scroll of acquirement
 20414 | D:12     | Acquired the ring of Rubyewimp {Fly rN+ rCorr SInv}
 20486 | D:12     | Identified the +2 robe of Fanaticism {Rampage rPois Str+7
                  | Dex-2}
 20533 | D:12     | Upgraded the game from 0.31-a0-1405-g2bb1a01664 to
                  | 0.31-a0-1424-g2add1c7226
 21069 | D:12     | Reached skill level 20 in Fighting
 21285 | D:12     | Reached XP level 17. HP: 170/170 MP: 24/24
 21455 | D:13     | Received a gift from Okawaru
 21785 | D:13     | Noticed Kirke
 21805 | D:13     | Killed Kirke
 22066 | D:13     | Found a gate to the Vaults.
 22368 | D:14     | Received a gift from Okawaru
 23224 | D:14     | Reached XP level 18. HP: 158/180 MP: 25/25
 23269 | D:15     | Entered Level 15 of the Dungeon
 23291 | D:15     | Found a sparkling altar of Nemelex Xobeh.
 23437 | D:15     | Received a gift from Okawaru
 23570 | D:15     | Reached skill level 21 in Fighting
 23695 | D:15     | Found a staircase to the Depths.
 24116 | Spider:1 | Entered Level 1 of the Spider Nest
 24134 | Spider:1 | Noticed a Brimstone Fiend
 24159 | Spider:1 | Killed a Brimstone Fiend
 24677 | Spider:1 | Noticed Donald
 24686 | Spider:1 | Killed Donald
 24775 | Spider:1 | Received a gift from Okawaru
 24936 | Spider:1 | Noticed Nikola
 24947 | Spider:1 | Killed Nikola
 24978 | Spider:1 | Learned a level 2 spell: Blink
 25013 | Spider:1 | Identified the +5 ring mail of Pantheism {Str+5}
 25182 | Spider:2 | You are sucked into a shaft and drop 1 floor!
 25222 | Spider:2 | Noticed Frances
 25226 | Spider:2 | Gained mutation: You have hidden genetic defects. [a
                  | neqoxec]
 25228 | Spider:2 | Gained mutation: Your health recovers twice as slowly from
                  | being drained. [a neqoxec]
 25237 | Spider:2 | Killed Frances
 25238 | Spider:2 | Reached skill level 10 in Throwing
 25962 | Spider:3 | Received a gift from Okawaru
 25974 | Spider:3 | Reached skill level 22 in Fighting
 26003 | Spider:3 | Gained mutation: You are clumsy. (Dex -2) [hidden defects]
 26116 | Spider:3 | Noticed Arachne
 26157 | Spider:3 | Killed Arachne
 26560 | Spider:3 | Reached skill level 10 in Shields
 26779 | Lair:2   | Killed Ogit's ghost
 26826 | Swamp:1  | Entered Level 1 of the Swamp
 26899 | Swamp:1  | Gained mutation: You have terrible hidden genetic defects.
                  | [hidden defects]
 26899 | Swamp:1  | Lost mutation: You have terrible hidden genetic defects.
                  | [hidden defects expressed]
 27340 | Swamp:2  | Reached XP level 19. HP: 193/193 MP: 26/26
 28030 | Swamp:3  | Reached skill level 23 in Fighting
 28036 | Swamp:3  | Gained mutation: Your spells are a little easier to cast,
                  | but a little less powerful. [hidden defects]
 28560 | Swamp:4  | Entered Level 4 of the Swamp
 28677 | Swamp:4  | Noticed Roxanne
 28711 | Swamp:4  | Received a gift from Okawaru
 29372 | Swamp:4  | Gained mutation: Your magical capacity is low. (-10% MP)
                  | [hidden defects]
 29372 | Swamp:4  | Lost mutation: You have hidden genetic defects. [hidden
                  | defects expressed]
 29622 | Swamp:4  | Noticed the 27-headed Lernaean hydra
 29634 | Swamp:4  | Got a decaying rune of Zot
 29807 | Spider:4 | Entered Level 4 of the Spider Nest
 29818 | Spider:4 | Received a gift from Okawaru
 30440 | Spider:4 | Reached skill level 24 in Fighting
 30677 | Spider:4 | Received a gift from Okawaru
 30893 | Spider:4 | Reached XP level 20. HP: 191/203 MP: 1/25
 31295 | Spider:4 | Got a gossamer rune of Zot
 32251 | D:7      | Bought a ring of willpower for 300 gold pieces
 32452 | Elf:1    | Entered Level 1 of the Elven Halls
 32650 | Elf:1    | Received a gift from Okawaru
 33153 | Elf:1    | Identified the +1 shortbow of Meiwiosan {flame, Will+++
                  | Int-5 Dex+4}
 33255 | Elf:1    | Found Syfuibrire's Superlative Supplies.
 33263 | Elf:1    | Bought a manual of Shields for 1200 gold pieces
 33368 | Elf:1    | Found Penaag's General Store.
 33376 | Elf:1    | Bought a scroll of teleportation for 51 gold pieces
 33376 | Elf:1    | Bought a scroll of immolation for 68 gold pieces
 33408 | Elf:1    | Reached skill level 25 in Fighting
 33592 | Elf:1    | Noticed Azrael
 33603 | Elf:1    | Killed Azrael
 34121 | Elf:2    | Received a gift from Okawaru
 34590 | Elf:2    | Found a runed translucent gate.
 34590 | Elf:2    | Found a runed translucent gate.
 34590 | Elf:2    | Found a runed translucent gate.
 34687 | Elf:3    | Entered Level 3 of the Elven Halls
 36660 | Elf:3    | Noticed a Tzitzimitl
 36779 | Elf:3    | Got the Atlas of the Oath
 36850 | Elf:3    | Identified the ring "Oburhi" {rN+ rCorr}
 36898 | Elf:3    | Identified the +8 morningstar "Moshe" {drain, *Slow Fly rC+
                  | Will+++}
 36942 | Elf:3    | Identified the +10 hand cannon of Triumph {heavy, Fly
                  | rPois}
 36956 | Elf:3    | Received a gift from Okawaru
 36961 | Elf:3    | Identified the +1 trident "Ranef" {pain, rElec Dex+2}
 37293 | Vaults:1 | Entered Level 1 of the Vaults
 37540 | Vaults:1 | Identified the +3 dagger of Bodily Harmony {drain, ^Drain
                  | rF+ rCorr}
 37567 | Vaults:1 | Reached skill level 26 in Fighting
 37600 | Vaults:1 | Reached XP level 21. HP: 221/221 MP: 25/25
 37621 | Vaults:1 | Received a gift from Okawaru
 37911 | Vaults:1 | Reached skill level 15 in Shields
 38864 | Vaults:1 | Found Puti's Distillery.
 38896 | Vaults:1 | Bought a potion of enlightenment for 75 gold pieces
 38896 | Vaults:1 | Bought a potion of enlightenment for 75 gold pieces
 38896 | Vaults:1 | Bought a potion of might for 60 gold pieces
 38896 | Vaults:1 | Bought a potion of haste for 150 gold pieces
 38896 | Vaults:1 | Bought a potion of enlightenment for 75 gold pieces
 38896 | Vaults:1 | Bought a potion of curing for 45 gold pieces
 38896 | Vaults:1 | Bought a potion of mutation for 120 gold pieces
 38904 | Vaults:1 | Noticed Boris
 38910 | Vaults:1 | Killed Boris
 38910 | Vaults:1 | Received a gift from Okawaru
 39647 | Vaults:2 | Reached skill level 27 in Fighting
 40002 | Vaults:2 | Received a gift from Okawaru
 41216 | Vaults:3 | Reached XP level 22. HP: 190/233 MP: 20/26
 41346 | Vaults:3 | Received a gift from Okawaru
 41849 | Vaults:3 | Found a staircase to the Crypt.
 42538 | Vaults:4 | Received a gift from Okawaru
 42586 | Vaults:4 | Noticed a dread lich
 42601 | Vaults:4 | Killed a dread lich
 43502 | Vaults:4 | Noticed Boris
 43507 | Vaults:4 | Killed Boris
 43685 | Vaults:4 | Received a gift from Okawaru
 44357 | Depths:1 | Entered Level 1 of the Depths
 44544 | Depths:1 | Received a gift from Okawaru
 44641 | Depths:1 | Found a one-way gateway to a ziggurat.
 44659 | Depths:1 | Noticed the Enchantress
 44676 | Depths:1 | Killed the Enchantress
 44677 | Depths:1 | Reached XP level 23. HP: 189/240 MP: 22/29
 44908 | Depths:1 | Found a white marble altar of Elyvilon.
 45111 | Depths:1 | Noticed Boris
 45124 | Depths:1 | Killed Boris
 45495 | Depths:1 | Received a gift from Okawaru
 46317 | Depths:2 | HP: 8/240 [iron dragon (11)]
 46318 | Depths:2 | Slain by a tengu warrior

Illustrated notes

Levels and vault maps discovered:
D:1:      saegor_arrival_simple_e, layout_basic, chequers_serial_rivers_micro_c,
          nicolae_twisty_statue_hallways
D:2:      minmay_roachtagon, layout_loops_cross
D:3:      layout_basic, mainiacjoe_overflow_cross_hatched,
          mainiacjoe_overflow_paths, basic_ecumenical_altar,
          chequers_serial_rivers_small_3, chequers_serial_rivers_micro_b
D:4:      layout_loops_cross, mainiacjoe_overflow_concentric_impassable,
          minmay_temple_entry_sparse_star, uniq_edmund, uniq_ijyb
D:5:      layout_loops_corners, nicolae_kikubaaqudgha_miasma_corner,
          fedhas_altar_3, uniq_crazy_yiuf_cottage, uniq_duvessa
D:6:      layout_basic, general_overflow_altar, glass_columns_a
D:7:      layout_cave_pools, okawaru_gym_becter, serial_shops,
          kennysheep_little_box, shop, kennysheep_mini, nicolae_shop_tiny_glass,
          nicolae_stop_n_shop_2, dreamdust_mushroom_princess, uniq_joseph
D:8:      layout_rooms, zin_academy, erik_lair_dragon,
          mainiacjoe_ossuary_entry_dusty_tomb, uniq_maurice
D:9:      layout_irregular_city, mainiacjoe_overflow_chevrons, enter_bailey_6,
          minmay_misc_feat_tiny
D:10:     layout_long_grid, mainiacjoe_overflow_catwalk,
          kennysheep_generic_room_15
D:11:     layout_big_octagon, zombieorc1_lemuel, gammafunk_ghost_hive,
          portal_ice_cave_demonic_guard, uniq_gastronok, uniq_harold
D:12:     layout_cave_pools, bh_walls_and_bars
D:13:     layout_irregular_city, david_vaults_4, nicolae_tricolors, uniq_kirke
D:14:     layout_irregular_city, grunt_decor_mini_mirrors, serial_demonic,
          serial_demonic_d, serial_demonic_f, serial_demonic_c,
          serial_demonic_f, drop_trap
D:15:     gammafunk_enter_depths_forms, layout_cave_pools,
          nemelex_spade_bored_becter
Temple:   nicolae_temple_bog_church
Lair:1:   layout_cave_pods, beast_lair_carwin_5
Lair:2:   nzn_winding_woodlands_three_and_one [nzn_winding_woodlands_5x15_twine,
          nzn_winding_woodlands_5x15_sidewinder,
          nzn_winding_woodlands_5x15_split_checker,
          nzn_winding_woodlands_center_garden], layout_long_grid,
          nicolae_swamp_entry_splash_gauntlet, dummy_spider_entry, serial_bayou,
          serial_bayou_pond_c, serial_bayou_lake_a, serial_bayou_pond_b,
          serial_bayou_lagoon_a, gammafunk_ghost_hydra_chop,
          chequers_serial_rivers_small_a, lemuel_fruit_tree
Lair:3:   layout_gridlike, serial_bayou_shore_a, grunt_megastairs_5
Lair:4:   hangedman_what_comes_after_a, layout_gridlike, slime_entry_2,
          bobbens_dragon_lair_wall
Lair:5:   evil_forest, layout_loops_ring, chequers_serial_rivers_room_b
Swamp:1:  layout_falls_marsh, evilmike_swamp_ruin_wall, swamp_pool_1_2
Swamp:2:  layout_basic_swamp, evilmike_swamp_ruin_house_2,
          nicolae_swamp_decorative_isthmus
Swamp:3:  layout_basic_swamp, evilmike_swamp_ruin_house_3
Swamp:4:  grunt_swamp_rune_castle, layout_basic_swamp, swamp_pool_1_2,
          nicolae_swamp_frolicking_bunyips, infiniplex_staircase_pool,
          uniq_roxanne
Spider:1: layout_spider_delve, uniq_nikola, uniq_donald
Spider:2: layout_spider_delve, uniq_frances
Spider:3: layout_spider_delve, uniq_arachne
Spider:4: johnstein_spider_rune_arachne_lair
Orc:1:    layout_caves, serial_shops, shop_coins, shop_fountains, shop, shop,
          nicolae_shop_tiny_waterfront, nicolae_volcano_entry_lava_flow,
          nicolae_orc_sculptors_studio, uniq_josephine, uniq_sonja, uniq_jorgrun
Orc:2:    st_orc_congregation, layout_caves, nicolae_orc_lost_temple
Elf:1:    elf_arrival_002, layout_geoelf_octagon, serial_shops, shop,
          hangedman_elven_crosses_minicolossus, minivault_16,
          nicolae_alphabet_shops, uniq_azrael
Elf:2:    nicolae_elf_blades_splatter_lattice [nicolae_blade_bullseye],
          layout_onion_city, drop_trap, minmay_strange_pillars
Elf:3:    minmay_elf_hall, layout_loops_cross
Vaults:1: nicolae_vaults_ring_of_whatevers, nicolae_vaults_fighting_squares,
          nicolae_vaults_network_periphery, hangedman_vaults_maws,
          hangedman_vaults_slither, nicolae_vaults_cochlea,
          nicolae_vaults_mini_display_case, nicolae_vaults_asterisk,
          ontoclasm_vaults_twist, vaults_room_semicircle,
          nicolae_vaults_wine_cellar, vaults_dpeg_emergency_exit,
          nicolae_vaults_surprise_closet, layout_vaults_maze_snakey,
          serial_shops, nicolae_shop_industrial_runoff, uniq_boris
Vaults:2: vaults_room_large_hall, v_misc_3, v_misc_11,
          grunt_vaults_hallway_long, vaults_mumra_hexcomb,
          ontoclasm_vaults_gateway, v_misc_14, ontoclasm_vaults_pinch, v_misc_8,
          ontoclasm_vaults_chip, nicolae_vaults_little_squares_2,
          vaults_dpeg_hooks, layout_vaults_ring
Vaults:3: vaults_mumra_lcd, vaults_dpeg_cross, nicolae_vaults_tangram_1,
          minmay_crypt_entry_simple_walls, nicolae_vaults_sightless_eye,
          ontoclasm_vaults_ligature, v_rooms_4, nicolae_vaults_tetromino_L_1,
          layout_vaults_quadrants
Vaults:4: nicolae_vaults_offset_grid_hallway_2,
          nicolae_vaults_storage_room_glass, st_more_cells,
          nicolae_vaults_diamond_2, nicolae_vaults_tetromino_L_2,
          nicolae_vaults_shrinking_rooms_2, ontoclasm_vaults_loading_screen,
          ontoclasm_vaults_bender, nicolae_vaults_yaktaur_gun_rack,
          ontoclasm_vaults_idyll, v_misc_30, v_misc_19, nicolae_vaults_two_Ls,
          layout_vaults_omnicross
Depths:1: layout_gridlike, enter_ziggurat_f, elyvilon_altar_5, lightli_too_deep,
          wad_dig_loot, roderic_lattice_octagonal_star, uniq_enchantress
Depths:2: thingy_vault, layout_basic, minivault_14, hellmouth_1,
          hangedman_abyss_entry_splay, pan_entry, uniq_bai_suzhen

Skill      XL: |  1  2  3  4  5  6  7  8  9 10 11 12 13 14 15 16 17 18 19 20 21 22 23 |
---------------+----------------------------------------------------------------------+-----
Axes           | 3 4 5 6 8 10 12 14 16 17 18 | 18.0
Fighting       | 4 5 6 7 9 10 12 14 15 17 19 20 22 24 26 27 | 27.0
Armour         | 4 5 6 8 9 11 13 15 16 17 18 19 20 21 23 | 23.5
Shields        | 4 5 6 8 10 12 14 18 19 20 | 20.4
Invocations    | 3 5 10 13 14 | 14.7
Throwing       | 3 6 8 9 10 | 10.0

Action                     |  1- 3 |  4- 6 |  7- 9 | 10-12 | 13-15 | 16-18 | 19-21 | 22-24 || total
---------------------------+-------+-------+-------+-------+-------+-------+-------+-------++-------
  Melee: War axe           |    81 |   180 |   205 |   522 |    83 |       |       |       ||  1071
         Flail             |       |       |       |     8 |     3 |       |       |       ||    11
         Broad axe         |       |       |       |       |   734 |  1048 |  1025 |   448 ||  3255
         Demon trident     |       |       |       |       |    39 |       |       |       ||    39
         Morningstar       |       |       |       |       |       |       |    39 |       ||    39
  Throw: Stone             |       |     7 |    14 |       |       |       |       |       ||    21
         Dart              |       |       |       |       |     4 |       |       |       ||     4
         Boomerang         |       |       |       |       |       |    80 |   239 |    12 ||   331
         Javelin           |       |       |       |       |       |       |    10 |     1 ||    11
 Invoke: Heroism           |       |       |       |     2 |     7 |     7 |     5 |     2 ||    23
         Finesse           |       |       |       |       |     6 |     7 |     3 |     2 ||    18
         Receive Weapon    |       |       |       |       |     1 |       |       |       ||     1
         Receive Armour    |       |       |       |       |     1 |       |       |       ||     1
  Evoke: Wand              |       |     1 |     5 |     4 |     3 |     4 |     1 |       ||    18
    Use: Scroll            |     4 |     1 |     8 |     7 |     7 |    14 |     7 |     1 ||    49
         Potion            |       |     1 |       |     3 |     3 |     5 |     1 |       ||    13
   Stab: Sleeping          |       |       |       |       |     3 |     1 |       |       ||     4
         Petrified         |       |       |       |       |     2 |       |       |       ||     2
         Confused          |       |       |       |       |       |     3 |       |       ||     3
 Armour: Scale mail        |    37 |       |       |       |       |       |       |       ||    37
         Chain mail        |    39 |   123 |    15 |       |       |       |       |       ||   177
         Plate armour      |       |       |   128 |   149 |       |       |   515 |   386 ||  1178
         Swamp dragon scal |       |       |       |   250 |   641 |   895 |   495 |       ||  2281
  Dodge: Dodged            |    37 |    62 |    34 |   135 |   327 |   366 |   283 |   124 ||  1368
  Block: Buckler           |    23 |    59 |   101 |   226 |   413 |       |       |       ||   822
         Reflection        |       |       |     2 |     6 |    21 |    15 |    76 |    13 ||   133
         Kite shield       |       |       |       |       |    63 |   895 |   930 |   517 ||  2405

Table legend: (Time is in decaauts)
 A = Elapsed time spent in this place.
 B = Non-inter-level travel time spent in this place.
 C = Inter-level travel time spent in this place.
 D = Time resting spent in this place.
 E = Time spent auto-exploring this place.
 F = Levels seen in this place.
 G = Mean time per level.
                   A        B        C        D        E       F      G
               +--------+--------+--------+--------+--------+-----+--------+
         Total |  45714 |  41795 |   3919 |   5002 |  26367 |  42 | 1088.4 |
       Dungeon |  15458 |  13474 |   1984 |   1107 |   9009 |  15 | 1030.5 |
        Temple |     15 |     15 |      0 |      0 |      6 |   1 |   15.0 |
          Lair |   7044 |   6193 |    851 |    695 |   3707 |   5 | 1408.8 |
         Swamp |   2784 |   2628 |    156 |    538 |   1297 |   4 |  696.0 |
   Spider Nest |   4129 |   3882 |    247 |    406 |   2355 |   4 | 1032.2 |
  Orcish Mines |   1848 |   1599 |    249 |      0 |   1166 |   2 |  924.0 |
   Elven Halls |   4694 |   4540 |    154 |   1750 |   1936 |   3 | 1564.7 |
        Vaults |   7003 |   6855 |    148 |    305 |   5384 |   4 | 1750.8 |
        Depths |   1956 |   1828 |    128 |      0 |   1402 |   2 |  978.0 |
        Bailey |    407 |    407 |      0 |    198 |     64 |   1 |  407.0 |
       Volcano |    372 |    372 |      0 |      0 |     41 |   1 |  372.0 |
               +--------+--------+--------+--------+--------+-----+--------+

Top non-repeatable levels by time:
     D:8: 2145 daAuts
Vaults:2: 1913 daAuts
Depths:1: 1886 daAuts
Vaults:1: 1831 daAuts
Vaults:4: 1769 daAuts
  Lair:2: 1737 daAuts
Spider:4: 1644 daAuts
   Elf:3: 1630 daAuts
   Elf:1: 1564 daAuts
   Elf:2: 1499 daAuts
Vaults:3: 1489 daAuts
     D:6: 1463 daAuts
  Lair:3: 1425 daAuts
     D:5: 1424 daAuts
  Lair:4: 1367 daAuts
